 Dungeon Crawl Stone Soup version 0.30.1-10-g1249ef9ec4 (webtiles) character file.

Game seed: 9305991860754709178

2551 lonewolfV2 the Protected (level 9, -1/63 HPs)
             Began as a Demonspawn Fighter on Oct 27, 2023.
             Was a Follower of Qazlal.
             Slain by a troll (7 damage)
             ... on level 7 of the Dungeon.
             The game lasted 00:09:54 (4909 turns).

lonewolfV2 the Protected (Demonspawn Fighter)       Turns: 4909, Time: 00:09:54

Health: -1/63      AC: 18    Str: 20    XL:     9   Next: 31%
Magic:  14/14      EV:  8    Int: 11    God:    Qazlal [*.....]
Gold:   387        SH:  6    Dex: 14    Spells: 8/8 levels left

rFire   + . .        a - +1 war axe
rCold   + . .        c - +0 buckler
rNeg    . . .        h - +0 plate armour
rPois   +            u - +0 helmet
rElec   +            (no cloak)
rCorr   +            (no gloves)
SInv    .            (no boots)
Will    .....        g - amulet of regeneration Stlth
                     k - ring of poison resistance
HPRegen 1.10/turn    j - +4 ring of protection
MPRegen 0.14/turn

%: no passive effects
@: resistant, on berserk cooldown, slowed, studying Air Magic, very slow
A: thin skeletal structure 1, foul stench 1, spiny 2, weakness stinger 2
a: Renounce Religion


You were on level 7 of the Dungeon.
You worshipped Qazlal.
Qazlal was aware of your devotion.
You visited 1 branch of the dungeon, and saw 7 of its levels.

You collected 387 gold pieces.

Inventory:

Hand Weapons
 a - a +1 war axe (weapon)
Armour
 c - a +0 buckler (worn)
 h - a +0 plate armour (worn)
 u - a +0 helmet (worn)
Jewellery
 g - an amulet of regeneration (around neck)
 i - a ring of fire
 j - a +4 ring of protection (right hand)
 k - a ring of poison resistance (left hand)
 n - a ring of resist corrosion
 w - a ring of see invisible
Scrolls
 f - a scroll of teleportation
 l - 3 scrolls of fear
 r - a scroll of enchant weapon
 s - 2 scrolls of amnesia
 t - a scroll of fog
 x - a scroll of magic mapping
 y - a scroll of identify
 A - a scroll of enchant armour {unknown}
Potions
 b - a potion of invisibility
 d - 2 potions of might
 m - a potion of curing
 o - a potion of cancellation {unknown}
 p - 6 potions of brilliance
 q - a potion of haste
 v - a potion of lignification {unknown}


   Skills:
 - Level 3.0 Fighting
 - Level 1.7 Axes
 * Level 8.0 Armour
 + Level 6.9 Dodging
 - Level 2.6 Shields
 + Level 7.6 Invocations


You had 8 spell levels left.
You didn't know any spells.
Your spell library contained the following spells:

 Spells                   Type           Power      Damage    Failure   Level
 Beastly Appendage        Tmut           0%         N/A       100%        1
 Kiss of Death            Conj/Necr      0%         2d5       100%        1
 Necrotise                Necr           0%         1d4       100%        1
 Cigotuvi's Dreadful Rot  Necr/Pois/Air  0%         N/A       100%        2
 Lesser Beckoning         Tloc           0%         N/A       100%        2
 Wereblood                Tmut           0%         N/A       100%        2
 Gell's Gravitas          Tloc           0%         N/A       100%        3
 Spider Form              Tmut/Pois      0%         N/A       100%        3
 Teleport Other           Tloc           0%         N/A       100%        3
 Animate Dead             Necr           0%         N/A       100%        4
 Dispel Undead            Necr           0%         3d6       100%        4


Dungeon Overview and Level Annotations

Branches:
Dungeon (7/15)             Temple (0/1) D:4

Altars:
Hepliaklqana
Nemelex Xobeh
Qazlal
Trog
Uskayaw
Wu Jian
Xom
Yredelemnul

Annotations:
D:5 1 transporter


Innate Abilities, Weirdness & Mutations

You have a somewhat thin skeletal structure. (Dex +2, Stealth+)
You may rarely emit foul miasma when damaged in melee.
You are mostly covered in sharp spines.
You have a tail ending in a sharp stinger.


Message History

You hit the wraith but do no damage.
You tail-slap the wraith, but do no damage.
The wraith is almost destroyed.
The wraith hits you!
You emit a cloud of foul miasma!
The wraith hits you. The wraith hits you but does no damage.
You closely miss the wraith.
Your tail-slap misses the wraith.
The wraith is almost destroyed.
The wraith hits you! The wraith drains your vigour!
You feel as though you will be slow longer.
The wraith hits you but does no damage.
You hit the wraith.
The wraith is almost destroyed.
The wraith is struck by your spines.
You destroy the wraith!
Qazlal accepts your kill.
Your Armour skill increases to level 8!
You feel better.
You feel better. The troll barely misses you.
The troll claws you but does no damage. x2
You barely miss the troll.
Your tail-slap misses the troll.
The troll bites you! The troll completely misses you.
The troll closely misses you. The troll bites you!
The troll claws you but does no damage. The troll claws you.
You barely miss the troll. The troll bites you but does no damage.
You block the troll's attack. x2; The troll closely misses you.
The troll claws you but does no damage. The troll claws you.
You slash the troll!
Your tail-slap misses the troll.
The troll is moderately wounded.
The troll is struck by your spines. The troll bites you but does no damage.
The troll completely misses you. The troll barely misses you. x2
The troll claws you but does no damage. The troll barely misses you.
You hit the troll but do no damage.
The troll is heavily wounded.
The troll is struck by your spines. The troll barely misses you.
The troll claws you! The troll claws you.
You emit a cloud of foul miasma!
The troll is engulfed in dark miasma.
The troll is poisoned.
The troll seems to slow down.
The troll bites you!
* * * LOW HITPOINT WARNING * * *
The troll claws you but does no damage. The troll claws you!
You die...

#..####..###..##.#.####..#
#.# #####..##..#.#..# # #.##
#.# ###..##..####.##.# #.##
#.## #..##..##.(#.#.##.#
##..###... ###..##..####.#.#
##..#..##....
###.)##..#..######.##..##....
###†)##'#######.|##........
###..######)..[##........
###'..@TOc88}##.##.....
#######|[..##.####.##
######.}##.# #.# ####.##. #.#
#..#. #.# ##. .#


You could see a two-headed ogre, a troll (poisoned, slow) and a centaur.

Vanquished Creatures
  A manticore (D:7)
  A troll (D:7)
  A wraith (D:7)
  A water moccasin (D:7)
  An ice beast (D:7)
  A black bear (D:7)
  3 ogres
  3 centaurs (D:7)
  3 bullfrogs
  2 scorpions
  2 electric eels (D:7)
  An orc priest (D:7)
  6 hounds
  2 sleepcaps
  3 iguanas
  4 orc wizards
  A scorpion zombie (D:5)
  A howler monkey zombie (D:5)
  4 gnolls (D:2)
  5 adders
  A shadow imp (D:7)
  4 ufetubi
  A worm (D:3)
  3 dart slugs
  16 orcs
  8 endoplasms
  2 giant cockroaches (D:1)
  9 goblins
  4 hobgoblins
  4 quokkas
  6 ball pythons
  4 bats
  4 kobolds
  4 rats
116 creatures vanquished.

Notes
Turn   | Place    | Note
-------+----------+-------------------------------------------
     0 | D:1      | lonewolfV2 the Demonspawn Fighter began the quest for the
                  | Orb.
     0 | D:1      | Reached XP level 1. HP: 18/18 MP: 1/1
   172 | D:1      | Found a faded altar of an unknown god.
   182 | D:1      | Got Plato's Incunabulum of the Graveyard
   207 | D:1      | Reached skill level 1 in Dodging
   215 | D:1      | Gained mutation: You are partially covered in sharp spines.
                  | [demonic ancestry]
   215 | D:1      | Reached XP level 2. HP: 21/24 MP: 2/2
   289 | D:1      | You fall into a shaft and drop 1 floor!
   413 | D:2      | Reached skill level 3 in Armour
   419 | D:2      | Gained mutation: You are mostly covered in sharp spines.
                  | [demonic ancestry]
   419 | D:2      | Reached XP level 3. HP: 21/29 MP: 3/3
   803 | D:2      | Reached XP level 4. HP: 34/35 MP: 4/4
  1535 | D:3      | Got the Folio of Bodies
  1609 | D:3      | Found a stormy altar of Qazlal.
  1615 | D:3      | Became a worshipper of Qazlal Stormbringer
  1624 | D:3      | Found a bloodstained altar of Trog.
  1627 | D:3      | Found a hide-covered altar of Uskayaw.
  1739 | D:3      | Found a hazy altar of Hepliaklqana.
  1914 | D:4      | Noticed an ogre
  1921 | D:4      | Killed an ogre
  1922 | D:4      | Reached skill level 1 in Invocations
  1922 | D:4      | Gained mutation: You have a small tail. [demonic ancestry]
  1922 | D:4      | Reached XP level 5. HP: 25/41 MP: 4/6
  1963 | D:4      | Found a staircase to the Ecumenical Temple.
  2382 | D:5      | Entered Level 5 of the Dungeon
  2438 | D:5      | Identified the +8 rapier of the Living Dead {flame, rF++
                  | rCorr}
  2497 | D:5      | Reached skill level 4 in Armour
  2497 | D:5      | Gained mutation: You have a somewhat thin skeletal
                  | structure. (Dex +2, Stealth+) [demonic ancestry]
  2497 | D:5      | Reached XP level 6. HP: 47/47 MP: 7/7
  2707 | D:5      | Found a sparkling altar of Nemelex Xobeh.
  2707 | D:5      | Found a transporter.
  2707 | D:5      | Noticed a shadow
  2841 | D:5      | Reached * piety under Qazlal
  2846 | D:5      | Found a basalt altar of Yredelemnul.
  2994 | D:6      | Gained mutation: You may rarely emit foul miasma when
                  | damaged in melee. [demonic ancestry]
  2994 | D:6      | Reached XP level 7. HP: 52/52 MP: 9/9
  2996 | D:6      | Reached skill level 5 in Dodging
  3430 | D:6      | Reached skill level 5 in Armour
  4121 | D:7      | Reached skill level 5 in Invocations
  4121 | D:7      | Gained mutation: You have a tail ending in a sharp stinger.
                  | [demonic ancestry]
  4121 | D:7      | Reached XP level 8. HP: 58/58 MP: 11/11
  4190 | D:7      | Reached skill level 6 in Armour
  4217 | D:7      | Identified the orb of Xauzaawe {guile, Int+2}
  4275 | D:7      | Found a shimmering altar of Xom.
  4279 | D:7      | Found an ornate altar of the Wu Jian Council.
  4831 | D:7      | Reached skill level 7 in Armour
  4869 | D:7      | Noticed a manticore
  4870 | D:7      | Noticed a troll
  4870 | D:7      | Noticed a troll
  4870 | D:7      | Noticed a two-headed ogre
  4880 | D:7      | Killed a manticore
  4881 | D:7      | Reached XP level 9. HP: 62/63 MP: 14/14
  4887 | D:7      | Killed a troll
  4904 | D:7      | Reached skill level 8 in Armour
  4909 | D:7      | Slain by a troll

Illustrated notes

Levels and vault maps discovered:
D:1:      eino_arrival_tree_alley, layout_rooms,
          shapermc_ecumenical_altar_rom_forum
D:2:      layout_loops_ring, basic_altar, hex_tiny, kennysheep_generic_room_7
D:3:      layout_loops_cross, grunt_temple_overflow_cloverleaf,
          mainiacjoe_overflow_tiny_flanked, minmay_cupped
D:4:      layout_cave_pools, minmay_temple_entry_statues_fountains
D:5:      layout_cave_pools, grunt_nemelex_the_gamble, tso_oasis_becter,
          lemuel_zombie_altar_yredelemnul, nrook_loot_triangle,
          minmay_misc_feat_chi
D:6:      layout_cave_pools
D:7:      minmay_the_grid_triangle_9x9_rhombus_thin
          [minmay_the_grid_triangle_9x9_corruption,
          minmay_the_grid_triangle_9x9_prize_insulated,
          minmay_the_grid_triangle_9x9_windchime,
          minmay_the_grid_triangle_9x9_stretched_checkered], layout_loops_ring,
          slow_altar_2, nicolae_overflow_squiral, mumra_transporter_accident,
          minmay_puff

Skill      XL: |  1  2  3  4  5  6  7  8  9 |
---------------+----------------------------+-----
Dodging        | 1 2 3 4 5 6 |  6.9
Armour         | 3 4 5 7 8 |  8.0
Invocations    | 1 2 3 5 7 |  7.6
Fighting       | |  3.0
Axes           | |  1.7
Shields        | |  2.6

Action                     |  1- 3 |  4- 6 |  7- 9 || total
---------------------------+-------+-------+-------++-------
  Melee: War axe           |    45 |    76 |   127 ||   248
         Tailslap          |       |     2 |    14 ||    16
    Use: Scroll            |     3 |    11 |       ||    14
         Potion            |     1 |     1 |    10 ||    12
 Armour: Chain mail        |     9 |       |       ||     9
         Scale mail        |     3 |       |       ||     3
         Plate armour      |    22 |    60 |   106 ||   188
  Dodge: Dodged            |    14 |    21 |    63 ||    98
  Block: Buckler           |     7 |    16 |    51 ||    74
